 Dungeon Crawl Stone Soup version 0.32-a0-571-gec57dfcd37 (webtiles) character file.

Game seed: 3974294037755339906

2625 gimp the Fighter (level 9, -8/83 HPs)
             Began as a Minotaur Shapeshifter on Feb 29, 2024.
             Was a Priest of Qazlal.
             Mangled by an orc warrior
             ... wielding a +0 war axe
              (10 damage)
             ... on level 6 of the Dungeon.
             The game lasted 00:12:08 (6357 turns).

gimp the Fighter (Minotaur Shapeshifter)            Turns: 6357, Time: 00:12:08

Health: -8/83      AC:  2    Str: 19    XL:     9   Next: 34%
Magic:  8/8        EV: 14    Int: 11    God:    Qazlal [***...]
Gold:   320        SH:  3    Dex: 12    Spells: 8/8 levels left

rFire   . .          .
                       - Unarmed
rCold   . . .        (no shield)
rNeg    . . .        a - +0 animal skin
rPois   .            (helmet currently unavailable)
rElec   .            (cloak currently unavailable)
rCorr   .            (gloves currently unavailable)
SInv    .            (boots currently unavailable)
Will    .....        (no amulet)
Stlth   +            (no ring)
HPRegen 0.33/turn    (no ring)
MPRegen 0.11/turn

%: no passive effects
@: beast-form
A: beast (slay +3), horns 2, retaliatory headbutt, clever 1, high MP 1
a: Begin Untransformation, Renounce Religion, Upheaval, Elemental Force


You were on level 6 of the Dungeon.
You worshipped Qazlal.
Qazlal was most pleased with you.
You were a hulking beast.
You visited 1 branch of the dungeon, and saw 7 of its levels.
You also visited: Sewer and Ossuary.

You collected 320 gold pieces.

Inventory:

Armour
 a - a +0 animal skin (worn)
 l - +0 acid dragon scales
 m - a +0 pair of gloves
 t - a +0 cloak
Talismans
 c - a beast talisman (active)
 d - a flux talisman
 o - a maw talisman
Scrolls
 e - 4 scrolls of teleportation
 f - 2 scrolls of revelation {unknown}
 g - 5 scrolls of vulnerability
 h - 3 scrolls of fog {unknown}
 i - 2 scrolls of fear {unknown}
Potions
 b - 3 potions of lignification
 j - 3 potions of curing
 n - a potion of invisibility
 q - 3 potions of haste
 r - a potion of resistance


   Skills:
 - Level 9.0 Fighting
 + Level 6.6 Dodging
 + Level 7.1 Unarmed Combat
 * Level 5.5 Shapeshifting


You had 8 spell levels left.
You didn't know any spells.
Your spell library contained the following spells:

 Spells                   Type           Power      Damage    Failure   Level
 Shock                    Conj/Air       0%         1d3       34%         1
 Mercury Vapours          Alch/Air       0%         N/A       47%         2
 Sublimation of Blood     Necr           0%         N/A       47%         2
 Mephitic Cloud           Conj/Alch/Air  0%         N/A       71%         3
 Swiftness                Air            0%         N/A       71%         3
 Airstrike                Air            0%         2d(0-16)  98%         4
 Petrify                  Alch/Erth      0%         N/A       98%         4
 Freezing Cloud           Conj/Ice/Air   0%         6-21      100%        5
 Irradiate                Conj/Alch      0%         3d11      100%        5


Dungeon Overview and Level Annotations

Branches:
Dungeon (7/15)              Sewer (visited)         Ossuary (visited)
 Temple: D:4-7

Altars:
Ashenzari
Fedhas
Makhleb
Nemelex Xobeh
Qazlal
Ru
Sif Muna
Vehumet
Yredelemnul
The Shining One

Annotations:
D:3 Sigmund
D:4 1 runed translucent door, exclusion: door, Crazy Yiuf


Innate Abilities, Weirdness & Mutations

You are a hulking beast.
Your limbs bulge with bestial killing power. (Slay +3)
You have a pair of horns on your head.
You reflexively headbutt those who attack you in melee.
Your mind is acute. (Int +4, Str/Dex -1)
You have an increased reservoir of magic. (+10% MP)


Message History

The howler monkey misses you.
You punch the howler monkey!
You kill the howler monkey!
Qazlal accepts your kill.
The orc wizard gestures at you while chanting.
The magic dart hits you.
You take 6 damage, and have 64/83 hp.
You punch the howler monkey!
The howler monkey is severely wounded.
The orc priest casts a cantrip, but nothing happens.
The howler monkey hits you.
You punch the howler monkey!
You kill the howler monkey!
Qazlal accepts your kill.
The orc priest casts a cantrip, but nothing happens.
The centaur shoots an arrow.
The arrow completely misses you.
The orc wizard points at you and mumbles some strange words.
The puff of flame hits you.
Your Unarmed Combat skill increases to level 7!
You take 6 damage, and have 58/83 hp.
No target in range!
No target in range!
The centaur unwields a +0 orcbow.
The centaur barely misses you. The centaur closely misses you.
The orc priest hits you from afar with a +0 trident.
The orc wizard closely misses you. You furiously retaliate!
You headbutt the orc wizard!
You see here a howler monkey corpse.
You take 2 damage, and have 56/83 hp.
You punch the orc wizard!
You kill the orc wizard!
Qazlal accepts your kill. The centaur hits you. The centaur kicks you.
The orc priest misses you. The centaur misses you.
The centaur closely misses you.
You take 5 damage, and have 51/83 hp.
You punch the centaur!
The centaur is severely wounded.
The centaur misses you. You furiously retaliate!
You headbutt the centaur. The centaur kicks you.
You block the orc priest's attack.
You take 3 damage, and have 48/83 hp.
You punch the centaur!
You kill the centaur!
Qazlal accepts your kill. The orc priest closely misses you.
No target in range!
An orc comes into view. It is wielding a +0 club.
The orc shouts!
Things that are here:
a +0 dagger; a +0 robe You hit the orc priest.
Your headbutt misses the orc priest.
The orc priest is moderately wounded.
The orc priest hits you but does no damage.
You closely miss the orc priest. You headbutt the orc priest.
The orc priest is heavily wounded.
The orc hits you with a +0 club.
The orc priest hits you with a +0 trident.
You take 8 damage, and have 41/83 hp.
You are too injured to fight recklessly!
You are too injured to fight recklessly!
You are too injured to fight recklessly!
You punch the orc priest!
You kill the orc priest!
Qazlal accepts your kill.
You hear a shout!
You punch the orc!
You kill the orc!
Qazlal accepts your kill.
You can now give life to nearby clouds.
An orc warrior comes into view. It is wielding a +0 war axe.
Things that are here:
a +0 club; a +0 ring mail; an orc corpse
Things that are here:
a +0 trident; an orc corpse
Things that are here:
a +0 dagger; a +0 robe You see here a howler monkey corpse.
There is a stone staircase leading up here.
The orc warrior hits you with a +0 war axe!
You climb upwards.
There is a stone staircase leading down here.
You take 8 damage, and have 36/83 hp.
You are too injured to fight recklessly!
You punch the orc warrior!
The orc warrior is heavily wounded.
The orc warrior hits you with a +0 war axe!
You take 9 damage, and have 27/83 hp.
You hit the orc warrior but do no damage.
Your headbutt misses the orc warrior.
The orc warrior is heavily wounded.
The orc warrior hits you with a +0 war axe!
* * * LOW HITPOINT WARNING * * *
You take 7 damage, and have 20/83 hp.
You hit the orc warrior.
The orc warrior is heavily wounded.
The orc warrior hits you with a +0 war axe!!
* * * LOW HITPOINT WARNING * * *
You take 18 damage, and have 2/83 hp.
MASSIVE DAMAGE!!
As you read the scroll of summoning, it crumbles to dust.
Wisps of shadow whirl around you...
The orc warrior hits you with a +0 war axe!
You die...

#......######....
####....# ###.. ###..#
#.. ##.#######..
#######..........
#######...K....#.......
#...S.SK.......#.......
#..............#.......
#....oho..K............
##########............)
#.....#..###.#
#.....##.# #..
#.....##.# ##.
####.###.## #. #.#
#..#### #.# ##..... #.#
#####.


You could see an orc warrior (ally target), a friendly kobold brigand
(summoned), 2 friendly adders, a friendly orc (summoned) and 2 friendly kobolds.

Vanquished Creatures
  A two-headed ogre (D:5)
  A steam dragon (D:5)
  An acid dragon (D:6)
  An ice beast (D:6)
  2 ogres
  2 centaurs
  A kobold brigand (Sewer)
  A bullfrog (D:6)
  A scorpion (D:5)
  4 wights
  3 howler monkeys
  A centaur zombie (D:5)
  2 jellies (D:5)
  A bullfrog zombie (D:5)
  4 hounds
  2 orc priests
  An orc wizard (D:7)
  Terence (D:2)
  2 iguanas
  A crocodile zombie (Ossuary)
  2 hound zombies (Ossuary)
  A mummy (Ossuary)
  2 howler monkey zombies (Ossuary)
  10 adders
  3 gnolls (D:5)
  10 river rats (Sewer)
  2 ufetubi (D:6)
  4 dart slugs
  2 ribbon worms
  10 orcs
  12 ball pythons
  2 bats
  5 endoplasms
  8 giant cockroaches
  8 goblins
  7 hobgoblins
  5 jackals (D:3)
  28 kobolds
  3 quokkas
  A ball python zombie (Ossuary)
  5 frilled lizards
  24 rats
187 creatures vanquished.

Notes
Turn   | Place    | Note
-------+----------+-------------------------------------------
     0 | D:1      | gimp the Minotaur Shapeshifter began the quest for the Orb.
     0 | D:1      | Reached XP level 1. HP: 16/16 MP: 0/0
   127 | D:1      | Reached skill level 2 in Fighting
   127 | D:1      | Reached XP level 2. HP: 23/24 MP: 1/1
   297 | D:1      | Found a faded altar of an unknown god.
   544 | D:1      | Reached XP level 3. HP: 26/30 MP: 2/2
   890 | D:2      | Reached skill level 3 in Fighting
  1196 | D:2      | Noticed Terence
  1341 | D:2      | Reached XP level 4. HP: 38/38 MP: 3/3
  1355 | D:2      | Killed Terence
  1820 | D:3      | Reached skill level 4 in Fighting
  1902 | D:3      | Found a shimmering blue altar of Sif Muna.
  2014 | D:3      | Found a broken altar of Ashenzari.
  2062 | D:3      | Found a stormy altar of Qazlal.
  2134 | D:3      | Became a worshipper of Qazlal Stormbringer
  2170 | D:3      | Noticed Sigmund
  2292 | D:4      | Found a sparkling altar of Nemelex Xobeh.
  2307 | D:4      | Reached XP level 5. HP: 32/46 MP: 4/4
  2356 | D:4      | Found a sand-covered staircase.
  2450 | Ossuary  | Entered an ossuary
  2657 | Ossuary  | Reached skill level 5 in Fighting
  2807 | D:4      | Reached XP level 6. HP: 50/56 MP: 5/5
  2823 | D:4      | Found a glowing drain.
  2833 | Sewer    | Entered a sewer
  2871 | Sewer    | Reached * piety under Qazlal
  3292 | Sewer    | Reached ** piety under Qazlal
  3481 | Sewer    | Reached skill level 6 in Fighting
  3495 | Sewer    | Reached skill level 5 in Unarmed Combat
  3973 | D:4      | Found a glowing golden altar of the Shining One.
  4049 | D:4      | Found a runed translucent door.
  4050 | D:4      | Noticed Crazy Yiuf
  4186 | D:4      | Found a burning altar of Makhleb.
  4191 | D:4      | Reached XP level 7. HP: 59/64 MP: 6/6
  4355 | D:5      | Entered Level 5 of the Dungeon
  4491 | D:5      | Found a basalt altar of Yredelemnul.
  4607 | D:5      | Reached skill level 7 in Fighting
  4609 | D:5      | Gained mutation: Your mind is acute. (Int +4, Str/Dex -1)
                  | [potion of mutation]
  4609 | D:5      | Gained mutation: You sometimes lose your temper in combat.
                  | [potion of mutation]
  4609 | D:5      | Lost mutation: You sometimes lose your temper in combat.
                  | [potion of mutation]
  4609 | D:5      | Gained mutation: You have an increased reservoir of magic.
                  | (+10% MP) [potion of mutation]
  4863 | D:5      | Reached skill level 5 in Dodging
  5032 | D:5      | Noticed a two-headed ogre
  5033 | D:5      | Reached XP level 8. HP: 65/73 MP: 7/7
  5044 | D:5      | Killed a two-headed ogre
  5045 | D:5      | Reached skill level 8 in Fighting
  5600 | D:6      | Reached skill level 9 in Fighting
  5708 | D:6      | Reached *** piety under Qazlal
  5709 | D:6      | Reached XP level 9. HP: 75/83 MP: 8/8
  5936 | D:6      | Reached skill level 5 in Shapeshifting
  6104 | D:6      | Found a radiant altar of Vehumet.
  6189 | D:6      | Found a sacrificial altar of Ru.
  6322 | D:7      | Found a blossoming altar of Fedhas.
  6356 | D:6      | HP: 2/83 [orc warrior/+0 war axe (18)]
  6357 | D:6      | Mangled by an orc warrior

Illustrated notes

Levels and vault maps discovered:
D:1:      wander_arrival_chamber, layout_basic, serial_rivers,
          chequers_serial_rivers_micro_c, chequers_serial_rivers_large_a,
          chequers_serial_rivers_micro_a, chequers_serial_rivers_micro_c,
          chequers_serial_rivers_micro_c,
          hellmonk_ecumenical_altar_inner_sanctum
D:2:      layout_basic, kennysheep_donut, grunt_decor_clamped, minmay_between,
          uniq_terence
D:3:      layout_basic, mainiacjoe_overflow_six_doors_small,
          mainiacjoe_overflow_concentric_impassable,
          cheibrodos_ashenzari_chains, uniq_sigmund
D:4:      layout_cave_pools, tso_oasis_becter, makhleb_blood_cavern_becter,
          lemuel_round_altar, mainiacjoe_ossuary_entry_dusty_tomb,
          gup_sewer_entry_bubbles, glass_columns_c, uniq_crazy_yiuf_cottage
D:5:      layout_gridville, lemuel_zombie_altar_yredelemnul, serial_bayou,
          serial_bayou_shore_b, serial_bayou_shore_a, serial_bayou_crossing,
          serial_bayou_pond_d, serial_bayou_pond_d,
          chequers_serial_rivers_micro_a
D:6:      layout_rooms, nicolae_overflow_crystal_walls,
          mainiacjoe_overflow_chevrons
D:7:      layout_basic, fedhas_bush_and_centaur_altar,
          nicolae_dithmenos_the_darkroom, nicolae_overflow_squiral,
          minmay_temple_entry_proselytizer

Skill      XL: |  1  2  3  4  5  6  7  8  9 |
---------------+----------------------------+-----
Fighting       | 2 3 4 5 6 7 9 |  9.0
Dodging        | 3 4 5 6 |  6.6
Unarmed Combat | 4 5 6 7 |  7.1
Shapeshifting  | 3 4 5 |  5.5

Action                     |  1- 3 |  4- 6 |  7- 9 || total
---------------------------+-------+-------+-------++-------
  Melee: Unarmed           |    70 |   261 |   113 ||   444
         Headbutt          |    11 |    37 |    17 ||    65
         Punch             |     3 |     7 |     6 ||    16
 Invoke: Upheaval          |       |       |     3 ||     3
    Use: Scroll            |       |     4 |     5 ||     9
         Potion            |       |       |     9 ||     9
   Stab: Sleeping          |     1 |     1 |       ||     2
 Armour: Animal skin       |    45 |   117 |    60 ||   222
         Skin              |       |       |    50 ||    50
  Dodge: Dodged            |    48 |   116 |    55 ||   219
  Block: Other             |       |    12 |    15 ||    27

Table legend: (Time is in decaauts)
 A = Elapsed time spent in this place.
 B = Non-inter-level travel time spent in this place.
 C = Inter-level travel time spent in this place.
 D = Time resting spent in this place.
 E = Time spent auto-exploring this place.
 F = Levels seen in this place.
 G = Mean time per level.
                   A        B        C        D        E       F      G
               +--------+--------+--------+--------+--------+-----+--------+
         Total |   6371 |   6156 |    215 |    280 |   4471 |   9 |  707.9 |
       Dungeon |   5065 |   4850 |    215 |    134 |   3639 |   7 |  723.6 |
         Sewer |   1072 |   1072 |      0 |     22 |    772 |   1 | 1072.0 |
       Ossuary |    234 |    234 |      0 |    124 |     59 |   1 |  234.0 |
               +--------+--------+--------+--------+--------+-----+--------+

Top non-repeatable levels by time:
     D:5: 1338 daAuts
   Sewer: 1072 daAuts
     D:2: 926 daAuts
     D:4: 880 daAuts
     D:1: 792 daAuts
     D:6: 616 daAuts
     D:3: 475 daAuts
 Ossuary: 234 daAuts
     D:7: 36 daAuts
